Map: Lost and Found LE

Players

NXZ

  • Race: Zerg Zerg
  • Spawn Location: 1:00

PappiJoe - Winner!

  • Race: Protoss Protoss
  • Spawn Location: 7:00

Event: WCS Valencia 2018

VOD

Have the link to the VOD?

Description

Time

  • Played on: July 12, 2018, 6:53 a.m.
  • Length: 20:54

All games in this series

Show
View Real Time Build Order
Export as new Build Order

NXZ Zerg 

Build Orders: Hatch First, Lurkers, Roach Hydra 

Get SALT Encoding   

  12  0:00  Drone  
  13  0:08  Drone  
  14  0:16  Overlord  
  14  0:22  Extractor  
  14  0:23  Drone  
  15  0:35  Drone x2  
  17  0:51  Hatchery  
  17  0:54  Drone  
  17  0:57  Drone  
  18  1:08  Extractor  
  17  1:12  Spawning Pool  
  17  1:16  Drone  
  17  1:19  Drone  
  18  1:27  Drone  
  19  1:39  Overlord  
  19  1:59  Queen  
  19  2:00  Zergling x4  
  23  2:02  Queen  
  23  2:03  Drone  
  26  2:09  Metabolic Boost  
  26  2:10  Drone  
  26  2:13  Drone  
  28  2:20  Drone  
  29  2:25  Drone  
  30  2:31  Drone  
  31  2:37  Hatchery  
  31  2:44  Queen  
  30  2:49  Overlord  
  32  2:51  Zergling x2  
  32  2:53  Zergling x2  
  32  2:56  Drone  
  32  2:57  Drone  
  36  3:04  Overlord  
  36  3:10  Drone x2  
  38  3:13  Drone x3  
  38  3:15  Drone  
  38  3:18  Drone  
  38  3:19  Drone  
  44  3:25  Drone  
  44  3:26  Drone  
  46  3:31  Queen  
  46  3:33  Overlord  
  48  3:38  Drone  
  49  3:44  Drone x3  
  49  3:47  Overlord  
  52  3:51  Drone x4  
  52  3:54  Spore Crawler  
  55  3:56  Spore Crawler  
  55  3:59  Drone x2  
  55  4:02  Overlord  
  56  4:07  Overlord  
  56  4:09  Spore Crawler  
  54  4:15  Drone x5  
  59  4:17  Drone  
  59  4:19  Drone  
  59  4:20  Drone  
  62  4:24  Lair  
  62  4:32  Roach Warren  
  62  4:33  Extractor  
  62  4:34  Extractor  
  62  4:35  Drone x4  
  62  4:38  Drone x2  
  65  4:47  Drone x5  
  65  4:48  Overlord  
  67  5:01  Drone  
  67  5:02  Overlord  
  68  5:11  Roach  
  68  5:12  Roach x5  
  80  5:17  Extractor  
  80  5:18  Extractor, Drone x3  
  80  5:19  Drone x3  
  80  5:21  Roach x3  
  90  5:22  Glial Reconstitution  
  90  5:23  Overseer  
  90  5:25  Overseer  
  90  5:29  Overlord  
  90  5:37  Drone x4  
  90  5:42  Overlord  
  94  5:50  Hatchery  
  94  5:54  Drone  
  94  5:55  Hydralisk Den, Extractor, Drone x2  
  94  5:58  Roach  
  94  5:59  Roach x5  
  106  6:06  Drone x4  
  106  6:08  Drone  
  106  6:09  Evolution Chamber  
  109  6:13  Overlord, Queen  
  110  6:29  Grooved Spines  
  110  6:31  Overlord x2  
  110  6:37  Zerg Missile Weapons Level 1  
  110  6:42  Hydralisk  
  110  6:43  Lurker Den, Hydralisk x2  
  110  6:45  Overlord  
  110  6:46  Overlord  
  113  6:53  Hydralisk  
  113  6:54  Hydralisk x7  
  113  6:56  Overlord x2  
  129  7:13  Extractor  
  129  7:14  Hydralisk, Drone x3  
  129  7:15  Hydralisk x5  
  139  7:20  Overlord x2  
  139  7:22  Drone x3  
  146  7:23  Overlord  
  146  7:37  Infestation Pit  
  146  7:38  Drone x9  
  146  7:39  Extractor  
  146  7:40  Muscular Augments  
  153  7:50  Drone x3  
  153  7:51  Drone x2  
  158  7:56  Roach  
  158  7:57  Roach x2  
  164  7:59  Overlord  
  164  8:00  Roach  
  164  8:02  Overlord  
  164  8:05  Hatchery  
  164  8:08  Roach  
  164  8:09  Roach x4  
  174  8:12  Overlord  
  174  8:13  Evolution Chamber  
  174  8:16  Hive  
  174  8:18  Lurker x2  
  174  8:19  Lurker  
  176  8:20  Lurker  
  176  8:23  Zergling x4  
  179  8:27  Pneumatized Carapace  
  179  8:33  Zerg Missile Weapons Level 2  
  179  8:36  Hydralisk  
  179  8:37  Hydralisk, Drone  
  179  8:38  Hydralisk x3  
  190  8:42  Lurker x3  
  193  8:49  Zerg Ground Armor Level 1  
  193  8:58  Zergling x2  
  193  8:59  Zergling x14  
  200  9:04  Overlord x2  
  200  9:23  Overlord  
  200  9:27  Adaptive Talons  
  200  9:29  Spire  
  200  9:31  Spine Crawler x2  
  198  9:33  Spine Crawler  
  198  9:38  Lurker x4  
  200  9:44  Overseer  
  200  9:45  Spine Crawler  
  191  10:02  Hydralisk x2  
  186  10:26  Roach x4  
  186  10:27  Roach x4  
  193  10:45  Greater Spire  
  189  11:09  Zerg Ground Armor Level 2, Hatchery  
  189  11:10  Zerg Missile Weapons Level 3  
  184  11:18  Hydralisk x5  
  184  11:24  Hatchery  
  193  11:38  Zergling x2  
  193  11:39  Zergling x8, Adrenal Glands  
  197  11:58  Zergling x4  
  184  12:22  Corruptor x5  
  182  12:23  Corruptor x5  
  161  12:38  Drone x3  
  161  12:39  Drone x3  
  163  12:50  Corruptor x4  
  171  12:51  Hydralisk  
  171  12:52  Hydralisk x4  
  171  12:55  Hydralisk  
  171  12:56  Hydralisk x6  
  171  12:57  Roach  
  171  12:58  Roach  
  199  13:00  Zerg Flyer Weapons Level 1  
  175  13:14  Hydralisk  
  175  13:15  Hydralisk x9  
  168  13:27  Extractor x2, Drone x5  
  168  13:29  Drone x3  
  168  13:30  Drone x3  
  176  13:35  Brood Lord x2  
  176  13:36  Brood Lord  
  182  13:46  Lurker  
  182  13:49  Brood Lord  
  182  13:50  Zergling x2  
  182  13:51  Zergling x26  
  198  13:59  Zerg Ground Armor Level 3  
  198  14:02  Drone  
  199  14:12  Extractor  
  196  14:18  Lurker  
  197  14:27  Hydralisk  
  199  14:40  Overseer x4  
  191  15:26  Hydralisk  
  191  15:27  Hydralisk x7  
  172  15:35  Corruptor x4  
  153  15:36  Corruptor x5  
  170  15:49  Zerg Flyer Armor Level 1  
  166  15:51  Zerg Melee Weapons Level 1  
  166  15:52  Corruptor  
  166  15:53  Corruptor x4  
  174  15:59  Overseer x3  
  174  16:00  Overlord x2  
  174  16:01  Overlord  
  173  16:05  Drone  
  173  16:06  Drone x2  
  173  16:07  Extractor  
  173  16:10  Lurker x8  
  171  16:27  Drone  
  171  16:28  Drone x3  
  175  16:36  Hydralisk  
  175  16:37  Hydralisk x9  
  195  16:44  Hatchery  
  195  16:46  Roach x3  
  200  16:51  Hatchery  
  199  17:03  Zergling x2  
  199  17:04  Hatchery  
  191  17:19  Hydralisk  
  191  17:20  Hydralisk x13  
  147  17:38  Infestor x5  
  147  17:39  Infestor x3  
  163  17:54  Corruptor  
  163  17:55  Corruptor x3  
  171  17:59  Neural Parasite  
  171  18:05  Corruptor  
  173  18:19  Spine Crawler  
  172  18:21  Spore Crawler  
  164  18:42  Corruptor x7  
  172  18:53  Hatchery  
  171  18:55  Overseer x2  
  171  18:56  Overseer x2  
  171  18:57  Overseer x3  
  171  19:05  Hydralisk x2  
  171  19:09  Zergling x2  
  175  19:10  Zergling x32  
  175  19:11  Zergling x6  
  191  19:25  Pathogen Glands  
  191  19:36  Hatchery  
  191  19:38  Hydralisk x5  
  188  19:39  Hydralisk  
  188  19:42  Drone x2  
  198  20:08  Queen  
  189  20:35  Lurker  
  189  20:36  Lurker x4  
Show
View Real Time Build Order
Export as new Build Order

PappiJoe Protoss - Winner!

Build Orders: 1 Gate Expand, Oracle Opening, Phoenix Opening, Archon Immortal, Carriers, Zealot Archon, Archon Drop 

Get SALT Encoding   

  12  0:00  Probe  
  13  0:12  Probe  
  14  0:19  Pylon  
  14  0:25  Probe  
  15  0:33  Probe  
  15  0:37  Gateway  
  15  0:41  Probe  
  16  0:47  Assimilator  
  17  0:51  Probe  
  18  1:03  Probe  
  19  1:15  Probe  
  20  1:23  Nexus  
  20  1:33  Cybernetics Core  
  20  1:35  Probe  
  21  1:43  Assimilator  
  21  1:47  Probe  
  22  2:00  Probe  
  23  2:12  Pylon  
  23  2:14  Warp Gate  
  23  2:24  Adept  
  23  2:30  Probe  
  23  2:32  Probe  
  23  2:34  Stargate  
  27  2:40  Gateway, Probe  
  27  2:42  Probe  
  28  2:47  Adept  
  28  2:48  Shield Battery  
  28  2:50  Probe  
  31  2:54  Probe  
  32  3:00  Probe  
  33  3:08  Robotics Facility  
  33  3:10  Probe  
  33  3:11  Probe  
  34  3:13  Phoenix  
  35  3:22  Probe  
  35  3:24  Probe  
  39  3:29  Pylon  
  40  3:34  Probe  
  40  3:36  Probe  
  40  3:38  Assimilator  
  41  3:43  Oracle  
  41  3:46  Probe  
  41  3:47  Assimilator  
  45  3:50  Probe  
  46  3:59  Twilight Council, Probe  
  47  4:03  Probe  
  47  4:06  Warp Prism  
  50  4:12  Probe  
  50  4:15  Probe  
  52  4:20  Pylon  
  52  4:24  Probe  
  53  4:27  Gateway  
  53  4:33  Gateway  
  53  4:34  Probe  
  53  4:36  Templar Archives  
  54  4:41  Probe  
  54  4:42  Pylon  
  54  4:44  Observer  
  56  4:46  Probe  
  57  4:59  Probe  
  58  5:00  Zealot x2  
  58  5:05  Charge  
  62  5:13  Pylon  
  62  5:14  Nexus  
  62  5:22  Pylon  
  62  5:24  Probe  
  62  5:25  Probe  
  64  5:32  High Templar x3  
  64  5:35  High Templar  
  72  5:37  Archon  
  72  5:39  Archon  
  72  5:40  Probe x2  
  74  5:47  Robotics Facility  
  74  5:49  Gateway  
  74  5:50  Gateway  
  74  5:52  Probe  
  74  5:53  Shield Battery, Probe  
  76  6:00  Immortal  
  76  6:08  Forge, Probe x2  
  82  6:21  Gateway  
  82  6:26  Immortal, Probe x2  
  82  6:27  Immortal  
  82  6:28  Gateway  
  82  6:29  Protoss Ground Weapons Level 1  
  84  6:36  Probe  
  93  6:45  Probe  
  94  6:50  Assimilator  
  94  6:53  Shield Battery  
  94  6:54  Pylon, Assimilator  
  94  6:55  Probe x2  
  96  7:04  Immortal  
  96  7:06  Immortal, Probe  
  104  7:16  Psionic Storm, Probe  
  104  7:21  Pylon  
  105  7:23  Pylon x2  
  105  7:26  High Templar x2  
  109  7:39  Probe  
  109  7:43  Observer  
  110  7:47  High Templar  
  110  7:48  High Templar  
  114  7:51  Probe x2  
  114  7:55  Zealot x3  
  114  7:58  Photon Cannon  
  120  8:00  Photon Cannon x2  
  120  8:02  Probe  
  120  8:03  Probe  
  122  8:05  High Templar  
  122  8:06  High Templar  
  126  8:13  Protoss Ground Weapons Level 2  
  126  8:14  Nexus  
  126  8:17  Pylon  
  126  8:22  Pylon  
  126  8:23  Photon Cannon  
  126  8:26  High Templar x2  
  130  8:31  Zealot  
  130  8:34  Pylon  
  132  8:38  Zealot x2  
  132  8:39  Zealot  
  138  8:42  Pylon  
  138  8:55  Probe x2  
  140  9:03  Shield Battery  
  140  9:05  Photon Cannon  
  140  9:07  Assimilator  
  140  9:08  Stargate  
  140  9:10  Fleet Beacon  
  140  9:11  Warp Prism  
  140  9:12  Assimilator, Archon  
  140  9:13  High Templar, Stargate  
  140  9:14  Probe x2  
  140  9:15  Probe  
  140  9:17  Protoss Air Weapons Level 1  
  145  9:18  Photon Cannon  
  145  9:22  Pylon  
  145  9:26  Shield Battery  
  145  9:29  Probe x3  
  145  9:30  Probe  
  149  9:40  Pylon  
  149  9:41  Probe x2  
  149  9:42  Shield Battery, Pylon  
  151  9:45  Shield Battery  
  151  9:53  Observer  
  151  9:54  Observer  
  147  10:08  Carrier x2  
  141  10:15  Zealot  
  141  10:16  Zealot x7  
  160  10:41  Immortal x2  
  163  10:53  Nexus  
  153  10:59  Carrier  
  143  11:04  Graviton Catapult  
  143  11:10  Pylon  
  149  11:17  Mothership  
  157  11:20  Nexus  
  155  11:32  High Templar x3, Pylon  
  159  11:35  Probe x2  
  159  11:38  Photon Cannon  
  159  11:39  Photon Cannon  
  163  11:50  Zealot  
  163  11:51  Zealot x4  
  163  11:52  Carrier  
  178  12:14  Zealot  
  178  12:15  Zealot x4  
  172  12:25  Carrier  
  172  12:27  Carrier  
  170  12:36  Zealot  
  168  12:37  Zealot x3  
  168  12:42  Probe x2  
  164  12:51  Gateway  
  164  12:54  Probe x2  
  164  12:55  Photon Cannon  
  164  12:57  Pylon  
  166  12:58  Pylon  
  166  13:00  Pylon  
  137  13:21  Probe x3  
  137  13:23  Assimilator  
  140  13:27  Photon Cannon x2  
  140  13:35  Zealot  
  140  13:36  Zealot x5  
  152  13:42  Gateway  
  152  13:43  Gateway  
  152  13:45  Gateway  
  148  14:02  High Templar x5  
  148  14:03  High Templar  
  148  14:09  Photon Cannon  
  152  14:15  Shield Battery  
  152  14:23  Carrier x3  
  152  14:24  Archon x2  
  152  14:25  Archon x2  
  152  14:29  Protoss Air Weapons Level 2  
  170  14:46  High Templar x4  
  170  14:47  High Templar  
  180  14:57  Archon x2  
  180  15:06  Zealot x4  
  151  15:40  Probe x2  
  151  15:41  Zealot  
  151  15:42  Zealot x9  
  173  15:46  Protoss Ground Weapons Level 3, Carrier x2  
  179  16:04  Nexus  
  177  16:05  Pylon  
  177  16:08  Assimilator  
  177  16:11  Zealot  
  179  16:13  Assimilator  
  179  16:15  Oracle  
  174  16:26  Photon Cannon  
  174  16:28  Photon Cannon  
  174  16:30  Shield Battery  
  170  16:41  Photon Cannon, Zealot  
  170  16:44  Dark Shrine  
  172  16:47  Photon Cannon  
  172  16:59  Carrier  
  172  17:01  High Templar  
  180  17:03  High Templar x7  
  180  17:04  High Templar  
  180  17:07  Archon x3  
  180  17:08  Archon  
  144  17:36  Probe  
  144  17:37  Probe x2  
  143  17:38  Probe  
  143  17:39  Probe  
  143  17:41  High Templar x5  
  143  17:42  High Templar  
  157  17:48  Probe  
  157  17:49  Probe  
  157  17:50  Zealot x2  
  157  17:51  Zealot x2  
  167  17:58  Probe  
  167  17:59  Probe x2  
  167  18:06  Oracle  
  167  18:07  Carrier  
  176  18:21  Zealot x2, Dark Templar  
  176  18:22  Zealot x3  
  172  18:44  Carrier  
  172  18:52  Mothership  
  172  18:53  Oracle  
  181  18:57  Dark Templar  
  189  19:11  Dark Templar  
  191  19:29  Nexus  
  191  19:30  Cybernetics Core  
  191  19:31  Pylon  
  189  19:45  Oracle  
  188  19:58  Zealot  
  191  20:13  Nexus  
  191  20:17  Pylon  
  191  20:19  Pylon  
  188  20:37  Zealot x6  
Tags
 
Add a new tag
Caveats
  • Supply blocks, unpowered buildings, or Contaminate may cause inaccurate times.
  • Supply counts are checked every 10 seconds.